 Dungeon Crawl Stone Soup version 0.30-a0-556-g0a0f5a245f (webtiles) character file.

Game seed: 18292561551978713833

111 Bnni the Vexing (level 5, 0/32 (38) HPs)
             Began as a Formicid Hexslinger on Dec 27, 2022.
             Slain by a gnoll
             ... wielding a +2 flail of protection
              (14 damage)
             ... on level 3 of the Dungeon.
             The game lasted 00:05:02 (1878 turns).

Bnni the Vexing (Formicid Hexslinger)               Turns: 1878, Time: 00:05:03

HP:   0/32 (38)     AC:  2    Str: 14    XL:     5   Next: 15%
MP:   2/7           EV: 12    Int: 15    God:
Gold: 112           SH:  0    Dex: 14    Spells: 3/7 levels left

rFire   . . .      SeeInvis +    a - +1 sling
rCold   . . .      Faith    .    (no shield)
rNeg    . . .      Spirit   .    c - +0 robe
rPois   .          Reflect  .    (helmet unavailable)
rElec   .          Harm     .    (no cloak)
rCorr   .          Rampage  .    (no gloves)
Will    .....                    (no boots)
Stlth   +                        o - amulet of regeneration
HPRegen 1.05/turn                (no ring)
MPRegen 0.10/turn                (no ring)

@: heavily drained
A: permanent stasis, dig shafts and tunnels, antennae 3, four strong arms
a: Dig, Shaft Self


You were on level 3 of the Dungeon.
You visited 1 branch of the dungeon, and saw 3 of its levels.

You collected 112 gold pieces.

Inventory:

Hand Weapons
 a - a +1 sling (weapon)
Armour
 c - a +0 robe (worn)
Jewellery
 o - an amulet of regeneration (around neck)
Scrolls
 b - 5 scrolls of poison
 d - 6 scrolls of identify {unknown}
 e - a scroll of magic mapping {unknown}
 g - a scroll of enchant weapon {unknown}
 j - 2 scrolls of teleportation {unknown}
 l - a scroll of enchant armour {unknown}
 m - a scroll of fear {unknown}
 n - a scroll of blinking {unknown}
Potions
 f - a potion of cancellation {unknown}
 h - a potion of invisibility {unknown}
 i - 2 potions of might {unknown}
 k - 2 potions of heal wounds
 p - a potion of brilliance {unknown}


   Skills:
 + Level 2.1 Fighting
 * Level 3.1 Ranged Weapons
 - Level 1.7 Dodging
 + Level 1.8 Spellcasting
 * Level 4.7 Hexes
 + Level 1.1 Fire Magic


You had 3 spell levels left.
You knew the following spells:

 Your Spells              Type           Power      Damage    Failure   Level
a - Slow                  Hex            60%        N/A       3%          1
b - Inner Flame           Hex/Fire       10%        N/A       21%         3

Your spell library contained the following spells:

 Spells                   Type           Power      Damage    Failure   Level
 Portal Projectile        Hex/Tloc       16%        N/A       26%         3
 Gell's Gravitas          Tloc           1%         N/A       56%         3
 Teleport Other           Tloc           1%         N/A       56%         3
 Cause Fear               Hex            7%         N/A       32%         4
 Leda's Liquefaction      Hex/Erth       4%         N/A       65%         4
 Lee's Rapid Deconstruct  Erth           0%         3d4*      99%         5
 Dispersal                Tloc           0%         N/A       100%        6
 Statue Form              Tmut/Erth      0%         N/A       100%        6


Dungeon Overview and Level Annotations

Branches:
Dungeon (3/15)

Altars:


Innate Abilities, Weirdness & Mutations

You cannot be hasted, slowed, berserked, paralysed or teleported.
You can dig through walls and to a lower floor.
You have a pair of large antennae on your head. (SInv)
Your four strong arms can wield two-handed weapons with a shield.


Message History

You shoot a sling bullet. The sling bullet hits the gnoll.
The gnoll is lightly wounded.
You hear a shout!
The gnoll misses you.
You shoot a sling bullet.
The sling bullet barely misses the gnoll.
The sling bullet hits the gnoll.
The gnoll is severely wounded.
The gnoll hits you with a +2 flail of protection.
You shoot a sling bullet.
The sling bullet hits the gnoll but does no damage.
The gnoll is lightly wounded.
The gnoll hits you with a +2 flail of protection!
You shoot a sling bullet.
The sling bullet closely misses the gnoll. x2
You shoot a sling bullet.
The sling bullet hits the gnoll but does no damage.
The gnoll is lightly wounded.
The gnoll is no longer moving slowly.
The gnoll hits you with a +2 flail of protection.
You shoot a sling bullet.
The sling bullet hits the gnoll but does no damage.
The gnoll is lightly wounded.
The gnoll hits you with a +2 flail of protection.
The gnoll hits you with a +0 club.
You extend your mandibles.
You dig through the rock wall.
You feel drained.
Okay, then.
You retract your mandibles.
You shoot a sling bullet. The sling bullet hits the gnoll.
The gnoll is moderately wounded.
The gnoll misses you.
You shoot a sling bullet. The sling bullet hits the gnoll.
The gnoll is severely wounded.
The gnoll is no longer moving slowly.
The gnoll hits you with a +2 flail of protection.
You shoot a sling bullet.
The sling bullet closely misses the gnoll.
The gnoll hits you with a +2 flail of protection!
You die...

....#.# #
###....##.#.##.##.# .......
#......##......)..##
#####.#.
##.###.........###...
.....###..###.......##......
..............####<.....
........................
...................)...>
.....#.........##.######
.......@##.#...##.#
......##gg......#
.......g##..#.#.# .....#..
...._..# ............#.#..♣
.. ..............♣
..............^..♣
................♣
..............#.♣


You could see 2 gnolls.

Vanquished Creatures
  A hound (D:3)
  An adder (D:2)
  A gnoll (D:3)
  2 dart slugs (D:2)
  An orc (D:3)
  7 bats
  6 endoplasms
  6 giant cockroaches
  7 goblins
  6 hobgoblins
  5 kobolds
  5 frilled lizards
  11 rats
59 creatures vanquished.

Vanquished Creatures (others)
  3 plants (D:3)
3 creatures vanquished.

Grand Total: 62 creatures vanquished

Notes
Turn   | Place    | Note
-------+----------+-------------------------------------------
     0 | D:1      | Bnni the Formicid Hexslinger began the quest for the Orb.
     0 | D:1      | Reached XP level 1. HP: 15/15 MP: 2/2
    74 | D:1      | Reached XP level 2. HP: 21/21 MP: 3/3
   124 | D:1      | Reached skill level 4 in Hexes
   374 | D:1      | Reached XP level 3. HP: 26/26 MP: 4/4
   379 | D:1      | Learned a level 3 spell: Inner Flame
   925 | D:2      | Reached XP level 4. HP: 26/33 MP: 6/6
  1288 | D:2      | You fall into a shaft and drop 1 floor!
  1807 | D:3      | Found a faded altar of an unknown god.
  1832 | D:3      | Reached skill level 1 in Fire Magic
  1832 | D:3      | Reached XP level 5. HP: 11/38 MP: 5/7
  1878 | D:3      | Slain by a gnoll

Illustrated notes

Levels and vault maps discovered:
D:1:      dpeg_arrival_morbid_curiosity, layout_loops_ring,
          reono_crystal_passage
D:2:      layout_loops_ring
D:3:      layout_rooms, mainiacjoe_overflow_catwalk,
          chequers_ecumenical_altar_simple, serial_forest,
          infiniplex_forest_end_2, infiniplex_forest_straight_4,
          infiniplex_forest_lined_3, infiniplex_forest_clump_medium,
          infiniplex_forest_corner_2, infiniplex_forest_lined_ring,
          infiniplex_forest_clump_diagonal, infiniplex_forest_zigzag_2,
          minmay_misc_feat_pillars, st_stairs_1, chequers_arboretum

Skill      XL: |  1  2  3  4 |
---------------+-------------+-----
Hexes          | 4 |  4.7
Fighting       | 2 |  2.1
Ranged Weapons | 3 |  3.1
Fire Magic     | 1 |  1.1
Dodging        | |  1.7
Spellcasting   | |  1.8

Action                   |  1- 3 |  4- 6 || total
-------------------------+-------+-------++-------
 Fire: Sling             |   124 |   104 ||   228
 Cast: Slow              |     1 |     9 ||    10
 Abil: Dig               |       |     2 ||     2
  Use: Potion            |     1 |       ||     1
Armor: Robe              |    17 |     8 ||    25
Dodge: Dodged            |    41 |    51 ||    92

Table legend: (Time is in decaauts)
 A = Elapsed time spent in this place.
 B = Non-inter-level travel time spent in this place.
 C = Inter-level travel time spent in this place.
 D = Time resting spent in this place.
 E = Time spent auto-exploring this place.
 F = Levels seen in this place.
 G = Mean time per level.
                   A        B        C        D        E       F      G
               +--------+--------+--------+--------+--------+-----+--------+
         Total |   1939 |   1859 |     80 |     59 |   1362 |   3 |  646.3 |
       Dungeon |   1939 |   1859 |     80 |     59 |   1362 |   3 |  646.3 |
               +--------+--------+--------+--------+--------+-----+--------+

Top non-repeatable levels by time:
     D:2: 884 daAuts
     D:1: 777 daAuts
     D:3: 276 daAuts
